General information
			
			
        
        - name: Local Game (ATempT)
 
        - type: Custom game
 
        - host: ATempT
 
        - saver: ATempT
 
        
map: TurtleRock 
        - players: 4
 
        - length: 17:44
 
        - speed: Fast
 - version: 1.22 W3XP
 - replay type:  Public
 
» download(104 KB)
Players
        team 1 (winner) 
              
              
ATempT (
green | 85 APM | 1517 actions | 17:44)
              
 6 Blademaster 
 3 Wind Walk
 2 Critical Strike
 1 Bladestorm
 3 Shadow Hunter 
 2 Healing Wave
 1 Hex
 
                » actions 
                
                | Assign group hotkey | 32 |  | 
| Build / train | 57 |  | 
| Enter build submenu | 13 |  | 
| Enter hero's abilities submenu | 9 |  | 
| Give item / drop item | 2 |  | 
| Right click | 873 |  | 
| Select / deselect | 238 |  | 
| Select group hotkey | 223 |  | 
| Use ability | 70 |  | 
                1517 total
 » units 
                
                | Peon | 10 |  | 
| Grunt | 7 |  | 
| Raider | 7 |  | 
| Spirit Walker | 4 |  | 
                28 total
 » upgrades
                
                | Armor | 2 |  | 
| Berserker Strength | 1 |  | 
| Ensnare | 1 |  | 
                4 total
 » buildings
                
                | Altar of Storms | 1 |  | 
| Orc Burrow | 5 |  | 
| Barracks | 1 |  | 
| Stronghold | 1 |  | 
| Voodoo Lounge | 1 |  | 
| War Mill | 1 |  | 
| Beastiary | 1 |  | 
| Spirit Lodge | 1 |  | 
| Great Hall | 1 |  | 
                13 total
 » build order
                00:03 Altar of Storms
00:14 Orc Burrow
00:36 Barracks
01:23 Orc Burrow
03:39 Stronghold
03:42 Voodoo Lounge
03:50 War Mill
04:34 Orc Burrow
06:24 Orc Burrow
08:09 Beastiary
08:13 Spirit Lodge
10:55 Orc Burrow
11:29 Great Hall
» items
                
                | Healing Salve | 5 |  | 
| Lesser Clarity Potion | 1 |  | 
| Boots of Speed | 1 |  | 
| Circlet of Nobility | 3 |  | 
| Potion of Healing | 1 |  | 
| Scroll of Healing | 2 |  | 
                13 total
  
               
              
              
_NIKOLLAS_ (
gray | 36 APM | 637 actions | 17:33)
              
 4 Death Knight 
 2 Death Coil
 2 Unholy Aura
 2 Dreadlord 
 1 Sleep
 1 Carrion Swarm
 
                » actions 
                
                | Assign group hotkey | 10 |  | 
| Build / train | 45 |  | 
| Enter build submenu | 11 |  | 
| Enter hero's abilities submenu | 6 |  | 
| Right click | 240 |  | 
| Select / deselect | 153 |  | 
| Select group hotkey | 147 |  | 
| Use ability | 25 |  | 
                637 total
 » units 
                
                | Acolyte | 2 |  | 
| Ghoul | 4 |  | 
| Crypt Fiend | 17 |  | 
                23 total
 » upgrades
                
                | Creature Attack | 3 |  | 
| Creature Carapace | 3 |  | 
| Web | 1 |  | 
                7 total
 » buildings
                
                | Altar of Darkness | 1 |  | 
| Ziggurat | 6 |  | 
| Crypt | 1 |  | 
| Graveyard | 1 |  | 
| Spirit Tower | 5 |  | 
| Halls of the Dead | 1 |  | 
| Black Citadel | 1 |  | 
                16 total
 » build order
                00:09 Altar of Darkness
00:12 Ziggurat
00:35 Crypt
01:01 Graveyard
01:23 Ziggurat
03:27 Ziggurat
03:42 Spirit Tower
05:23 Spirit Tower
05:52 Halls of the Dead
05:55 Ziggurat
07:19 Spirit Tower
08:07 Spirit Tower
09:24 Ziggurat
10:50 Spirit Tower
10:54 Ziggurat
11:28 Black Citadel
 
               team 2 (loser) 
              
              
kiko1989 (
brown | 30 APM | 535 actions | 17:33)
              
 2 Keeper of the Grove 
 1 Force of Nature
 1 Entangling Roots
 1 Demon Hunter 
 1 Evasion
 
                » actions 
                
                | Assign group hotkey | 3 |  | 
| Build / train | 51 |  | 
| Enter build submenu | 20 |  | 
| Enter hero's abilities submenu | 3 |  | 
| Remove unit from queue | 7 |  | 
| Right click | 169 |  | 
| Select / deselect | 232 |  | 
| Use ability | 50 |  | 
                535 total
 » units 
                
                | Wisp | 10 |  | 
| Archer | 10 |  | 
| Huntress | 10 |  | 
| Glaive Thrower | 2 |  | 
| Mountain Giant | 1 |  | 
| Dryad | 1 |  | 
| Hippogryph | 3 |  | 
                37 total
 » upgrades
                » buildings
                
                | Altar of Elders | 1 |  | 
| Ancient of War | 1 |  | 
| Moon Well | 8 |  | 
| Hunter's Hall | 1 |  | 
| Ancient of Wonders | 1 |  | 
| Tree of Ages | 1 |  | 
| Ancient of Lore | 1 |  | 
| Ancient of Wind | 1 |  | 
                15 total
 » build order
                00:10 Altar of Elders
00:25 Ancient of War
00:57 Moon Well
01:39 Moon Well
02:12 Moon Well
02:55 Hunter's Hall
04:02 Moon Well
04:23 Ancient of Wonders
06:08 Moon Well
06:38 Moon Well
08:00 Tree of Ages
08:37 Moon Well
13:10 Ancient of Lore
13:28 Ancient of Wind
16:41 Moon Well
 
               
              
              
tdr.Xvik (
teal | 53 APM | 918 actions | 17:23)
              
 5 Archmage 
 3 Summon Water Elemental
 2 Brilliance Aura
 2 Mountain King 
 1 Storm Bolt
 1 Bash
 
                » actions 
                
                | Assign group hotkey | 30 |  | 
| Basic commands | 84 |  | 
| Build / train | 52 |  | 
| ESC pressed | 1 |  | 
| Enter build submenu | 18 |  | 
| Enter hero's abilities submenu | 7 |  | 
| Remove unit from queue | 1 |  | 
| Right click | 360 |  | 
| Select / deselect | 167 |  | 
| Select group hotkey | 161 |  | 
| Use ability | 36 |  | 
                918 total
 » units 
                
                | Peasant | 8 |  | 
| Footman | 3 |  | 
| Rifleman | 9 |  | 
| Priest | 4 |  | 
| Spell Breaker | 4 |  | 
                28 total
 » upgrades
                
                | Gunpowder | 3 |  | 
| Armor | 2 |  | 
| Long Rifles | 1 |  | 
| Masonry | 1 |  | 
| Swords | 1 |  | 
                8 total
 » buildings
                
                | Altar of Kings | 1 |  | 
| Farm | 6 |  | 
| Barracks | 1 |  | 
| Blacksmith | 1 |  | 
| Keep | 1 |  | 
| Lumber Mill | 1 |  | 
| Scout Tower | 1 |  | 
| Arcane Tower | 1 |  | 
| Arcane Sanctum | 1 |  | 
| Arcane Vault | 1 |  | 
| Castle | 1 |  | 
                16 total
 » build order
                00:07 Altar of Kings
00:09 Farm
00:27 Barracks
01:24 Farm
01:45 Blacksmith
04:28 Keep
05:56 Lumber Mill
06:08 Scout Tower
06:15 Farm
06:39 Arcane Tower
08:35 Arcane Sanctum
09:12 Farm
09:15 Farm
09:31 Arcane Vault
13:48 Castle
16:28 Farm
» items
                
                | Scroll of Town Portal | 1 |  | 
| Potion of Healing | 1 |  | 
| Lesser Clarity Potion | 1 |  | 
                3 total
  
                Chat log
          
(02:26 / Allies) ATempT: n vem
(06:29 / Allies) ATempT: vem k
(06:40 / Allies) ATempT: espera
(06:43 / Allies) ATempT: ti heala
(06:51 / Allies) ATempT: go
(07:01 / Allies) ATempT: n vai
(08:24 / Allies) ATempT: vem
(11:20 / Allies) ATempT: vem
(17:19 / All) tdr.Xvik: gg